 Dungeon Crawl Stone Soup version 0.20-a0-1122-gb7cbeb9 (webtiles) character file.

114 Gorice the Cudgeler (level 4, -1/38 HPs)
             Began as a Minotaur Enchanter on May 13, 2017.
             Slain by Sigmund
             ... wielding a +0 scythe
              (12 damage)
             ... on level 3 of the Dungeon.
             The game lasted 00:04:41 (1716 turns).

Gorice the Cudgeler (Minotaur Enchanter)            Turns: 1716, Time: 00:04:42

Health: -1/38      AC:  7    Str: 13    XL:     4   Next: 66%
Magic:  5/5        EV: 12    Int: 12    God:
Gold:   131        SH:  0    Dex: 11    Spells: 4/5 levels left

rFire    . . .     SeeInvis .   a - +2 mace (distort)
rCold    + . .     Gourm    .   (no shield)
rNeg     . . .     Faith    .   k - +2 robe {rC+}
rPois    .         Spirit   .   (helmet restricted)
rElec    .         Reflect  .   (no cloak)
rCorr    .         Harm     +   j - +2 pair of gloves
MR       .....                  (no boots)
Stlth    ++........             p - amulet of harm
Regen    0.2/turn               (no ring)
MPRegen  0.1/turn               (no ring)

@: no status effects
A: retaliatory headbutt, horns 2
a: no special abilities


You were on level 3 of the Dungeon.
You were hungry.

You visited 1 branch of the dungeon, and saw 3 of its levels.

You collected 131 gold pieces.

Inventory:

Hand Weapons
 a - a +2 mace of distortion (weapon)
   (You found it on level 2 of the Dungeon)
 e - a +0 short sword
 i - a +1 dagger
 l - a +0 dagger of venom
   (You took it off a goblin on level 2 of the Dungeon)
 n - a +2 spear of venom
   (You found it on level 2 of the Dungeon)
Missiles
 Z - 37 stones (quivered)
Armour
 j - a +2 pair of gloves (worn)
 k - a +2 robe of cold resistance (worn)
   (You found it on level 1 of the Dungeon)
Jewellery
 p - an amulet of harm (around neck)
Scrolls
 f - a scroll of magic mapping {unknown}
 q - a scroll of teleportation {!r}
Potions
 g - a potion of invisibility {!q}
 m - a potion of might {unknown}
Books
 c - a book of Maledictions
Comestibles
 b - 6 chunks of flesh
 d - 6 bread rations {!e}
 h - a royal jelly
 o - a meat ration {!e}


   Skills:
 - Level 3.1 Fighting
 - Level 1.1 Short Blades
 * Level 4.0 Maces & Flails
 - Level 2.1 Dodging
 - Level 2.4 Stealth
 - Level 1.3 Spellcasting
 - Level 2.0 Hexes


You had 4 spell levels left.
You knew the following spells:

 Your Spells              Type           Power        Failure   Level  Hunger
a - Corona                Hex            #......      13%         1    ##.....


Dungeon Overview and Level Annotations

Branches:
Dungeon (3/15)

Altars:

Annotations:
D:1 vpUX $ on lava isle
D:3 Sigmund


Innate Abilities, Weirdness & Mutations

You reflexively headbutt those who attack you in melee.
You have a pair of horns on your head.


Message History

You closely miss the orc wizard.
The orc wizard is moderately wounded.
The orc wizard hits you with a dagger.
The orc wizard hits you but does no damage.
Damage: 1 (max 1)
You barely miss the orc wizard. Your headbutt misses the orc wizard.
The orc wizard is moderately wounded.
The orc wizard points at you and mumbles some strange words.
The puff of flame hits you!
The orc wizard hits you but does no damage.
Damage: 1 (max 1)
You hit the orc wizard.
Space bends around the orc wizard.
You kill the orc wizard!
You hit the orc.
The orc is devoured by a tear in reality.
The dart slug launches a dart at you. The slug dart hits you!
Sigmund casts a spell.
Sigmund flickers and vanishes!
Deactivating autopickup; reactivate with Ctrl-A.
Items here: ) [ †† a dagger; a robe; an orc corpse; a worm corpse; Damage: 3 (max 3)
You see here a hand axe.
You hit the dart slug.
Space warps horribly around the dart slug!
You kill the dart slug!
You hit the orc.
Space bends around the orc.
You kill the orc!
Your Maces & Flails skill increases to level 4!
You hear some strange, mumbled words.
Something tries to affect you, but you resist.
Things that are here:
a hand axe; a dart slug corpse You sock something!
You headbutt something. Something hits you!
Damage: 13 (max 13)
You hear some strange, mumbled words.
A puff of flame appears from out of thin air!
The puff of flame hits you!
* * * LOW HITPOINT WARNING * * *
Items here: ) [ †† a dagger; a robe; an orc corpse; a worm corpse; Damage: 10 (max 10)
Found a robe.
Something barely misses you.
Items here: ) [ †† a dagger; a robe; an orc corpse; a worm corpse Something barely misses you.
Items here: ) [ †† a dagger; a robe; an orc corpse; a worm corpse You sock something!
Something hits you!
You die...

#.#######.#...
#. #.
#............#
. .. [.
#.#######.##.#
.. .##. .# #.#
># #. .#. ##.##
#.# .. #..#..
##...# #.# #
..... .)#.# #.#
#.##(.####...#
#.#
#......@§..#.#
#.#
....##.#####..#
#.# # #.
##.######.# #.
#...(....# ..
########## ##


There were no monsters in sight!

Vanquished Creatures
  An orc wizard (D:3)
  An adder (D:2)
  An ooze (D:1)
  2 worms (D:3)
  3 dart slugs
  2 orcs (D:3)
  A giant cockroach (D:1)
  3 goblins (D:2)
  6 hobgoblins
  7 jackals (D:2)
  3 ball pythons (D:3)
  8 bats
  A frilled lizard (D:3)
  8 kobolds
  7 rats
54 creatures vanquished.

Vanquished Creatures (others)
  An orc (D:3)
  A hobgoblin (D:2)
2 creatures vanquished.

Grand Total: 56 creatures vanquished

Notes
Turn   | Place    | Note
-------+----------+-------------------------------------------
     0 | D:1      | Gorice the Minotaur Enchanter began the quest for the Orb.
     0 | D:1      | Reached XP level 1. HP: 14/14 MP: 1/1
    77 | D:1      | Reached skill level 1 in Fighting
   115 | D:1      | Reached skill level 2 in Fighting
   157 | D:1      | Reached XP level 2. HP: 23/24 MP: 3/3
   788 | D:1      | Reached skill level 3 in Fighting
   880 | D:2      | Reached XP level 3. HP: 30/31 MP: 4/4
   955 | D:2      | Reached skill level 1 in Maces & Flails
  1145 | D:2      | Reached skill level 2 in Maces & Flails
  1266 | D:2      | Found a faded altar of an unknown god.
  1653 | D:3      | Reached XP level 4. HP: 38/38 MP: 5/5
  1690 | D:3      | Noticed Sigmund
  1692 | D:3      | Reached skill level 3 in Maces & Flails
  1708 | D:3      | Reached skill level 4 in Maces & Flails
  1711 | D:3      | HP: 10/38 [something/puff of flame (10)]
  1716 | D:3      | Slain by Sigmund

Vault maps used:
D:1:      lemuel_arrival_lava_pool
D:2:      chequers_ecumenical_altar_island, first_bread
D:3:      uniq_sigmund

Skill      XL: |  1  2  3  4 |
---------------+-------------+-----
Fighting       | 2 3 |  3.1
Maces & Flails | 2 4 |  4.0
Short Blades   | |  1.1
Dodging        | |  2.1
Stealth        | |  2.4
Spellcasting   | |  1.3
Hexes          | |  2.0

Action                   |  1- 3 |  4- 6 || total
-------------------------+-------+-------++-------
Melee: Short sword       |    45 |       ||    45
       Headbutt          |     9 |     1 ||    10
       Mace              |    49 |    17 ||    66
  Use: Scroll            |     4 |       ||     4
 Stab: Sleeping          |     5 |       ||     5
  Eat: Chunk             |     2 |       ||     2
Armor: Robe              |    40 |     3 ||    43
Dodge: Dodged            |    83 |     9 ||    92

Table legend:
 A = Turns spent in this place as a percentage of turns spent in the entire game.
 B = Non-inter-level travel turns spent in this place as a percentage of non-inter-level travel turns spent in the entire game.
 C = Inter-level travel turns spent in this place as a percentage of turns spent in this place.
 D = Turns resting spent in this place as a percentage of non-inter-level travel turns spent in this place.
 E = Turns spent auto-exploring this place as a percentage of non-inter-level travel turns spent in this place.
 F = Non-inter-level travel turns spent in this place divided by the number of levels of this place that you've seen.
                   A       B       C       D       E      F
               +-------+-------+-------+-------+-------+----------------------
         Total | 100.0 | 100.0 |   0.3 |   0.3 |   7.5 | 209.0
       Dungeon | 100.0 | 100.0 |   0.3 |   0.3 |   7.5 | 209.0
               +-------+-------+-------+-------+-------+----------------------

Vault maps used:
D:1:      lemuel_arrival_lava_pool
D:2:      chequers_ecumenical_altar_island, first_bread
D:3:      uniq_sigmund
